 Dungeon Crawl Stone Soup version 0.21.1-1-g345015f (webtiles) character file.

142 inc the Shield-Bearer (level 5, 0/36 HPs)
             Began as an Octopode Fighter on June 12, 2018.
             Succumbed to a worker ant's poison
             ... on level 4 of the Dungeon.
             The game lasted 00:03:02 (2739 turns).

inc the Shield-Bearer (Octopode Fighter)            Turns: 2739, Time: 00:03:03

Health: 0/36       AC:  1    Str: 15    XL:     5   Next: 25%
Magic:  5/5        EV: 12    Int: 11    God:
Gold:   148        SH:  9    Dex: 12    Spells: 4/4 levels left

rFire    + . .     SeeInvis .   a - +0 flail
rCold    . . .     Gourm    .   b - +0 shield
rNeg     + . .     Faith    .   (helmet restricted)
rPois    .         Spirit   .   (no amulet)
rElec    .         Reflect  .   q - ring of protection from fire
rCorr    .         Harm     .   t - ring of stealth
MR       .....                  u - ring of positive energy
Stlth    +++.......             (no ring)
HPRegen  0.12/turn              (no ring)
MPRegen  0.09/turn              (no ring)
                                (no ring)
                                (no ring)

@: lethally poisoned (0 -> -5), slowed, very slow
A: almost no armour, stealthy swim, amphibious, 8 rings, constrict 8, camouflage
1, gelatinous body 1
a: no special abilities


You were on level 4 of the Dungeon.
You were not hungry.

You visited 1 branch of the dungeon, and saw 4 of its levels.

You collected 148 gold pieces.

Inventory:

Hand Weapons
 a - a +0 flail (weapon)
Armour
 b - a +0 shield (worn)
Jewellery
 q - a ring of protection from fire (left tentacle)
 t - a ring of stealth (right tentacle)
 u - a ring of positive energy (on tentacle)
Scrolls
 f - a scroll of remove curse {unknown}
 g - a scroll of fog {unknown}
 i - 3 scrolls of identify {unknown}
 l - 2 scrolls of magic mapping {unknown}
 m - a scroll of amnesia {unknown}
 n - a scroll of enchant armour {unknown}
 o - 2 scrolls of fear {unknown}
 r - 2 scrolls of teleportation {unknown}
 s - a scroll of blinking {unknown}
Potions
 c - 2 potions of might
 h - 2 potions of heal wounds {unknown}
 j - a potion of mutation {unknown}
 k - 2 potions of curing {unknown}
 p - a potion of agility {unknown}
Comestibles
 d - 6 rations


   Skills:
 - Level 3.0 Fighting
 + Level 3.9 Maces & Flails
 - Level 3.0 Dodging
 + Level 4.6 Shields


You had 4 spell levels left.
You didn't know any spells.

Dungeon Overview and Level Annotations

Branches:
Dungeon (4/15)
 Temple: D:4-7

Altars:
Elyvilon
Sif Muna
Yredelemnul

Annotations:
D:3 Jessica; inc's ghost, amateur OpFi


Innate Abilities, Weirdness & Mutations

You cannot wear most types of armour.
You are very stealthy in the water. (Stealth+)
You are amphibious.
You can wear up to eight rings at the same time.
You can use your tentacles to constrict eight enemies at once.
Your skin changes colour to match your surroundings (Stealth+).
Your rubbery body absorbs attacks. (AC +1, EV +1)


Message History

You barely miss the orc wizard. Your grab misses the orc wizard.
The worker ant bites you!
You are poisoned.
The worker ant poisons you! The orc wizard hits you with a dagger.
You closely miss the orc wizard. You grab the orc wizard.
You squeeze the orc wizard.
The orc wizard is lightly wounded.
You constrict the orc wizard.
You feel sick. The worker ant bites you. The orc wizard hits you with a dagger.
You block the orc wizard's attack.
The orc wizard points at you and mumbles some strange words.
You feel yourself slow down. The worker ant barely misses you.
You release your grip on the orc wizard.
You feel sick.
The orc wizard gestures at you while chanting.
The puff of flame hits you! You resist.
* * * LOW HITPOINT WARNING * * *
You block the orc wizard's attack. The worker ant bites you.
* * * LOW HITPOINT WARNING * * *
It was a potion of magic.
Magic courses through your body.
You die...

...#.#.#.##.#.#
####.#.#..#.#.#
..#......#.#
.##############.#.#.#
.....................
###.####......###.#.#.#
.............# #)..#..
. #.####......# ##..###
....#..a@.......#
#.>... #..†o###+###+#
###### #...o......!
#...........
#...........
#...........
#....#+#.... #.####
#### #.


You could see a worker ant and 2 orc wizards.

Vanquished Creatures
  A hound (D:4)
  Terence (D:3)
  Robin (D:3)
  An adder (D:4)
  2 worms (D:2)
  A dart slug (D:1)
  2 leopard geckos
  A ball python (D:1)
  3 bats
  2 giant cockroaches
  16 goblins
  4 hobgoblins
  4 jackals (D:1)
  2 quokkas
  A frilled lizard (D:4)
  3 kobolds (D:2)
  10 rats
  A spectral orc (D:3)
56 creatures vanquished.

Notes
Turn   | Place    | Note
-------+----------+-------------------------------------------
     0 | D:1      | inc the Octopode Fighter began the quest for the Orb.
     0 | D:1      | Reached XP level 1. HP: 16/16 MP: 1/1
    81 | D:1      | Reached XP level 2. HP: 19/21 MP: 2/2
   592 | D:1      | Reached XP level 3. HP: 23/26 MP: 3/3
  1108 | D:2      | Found a deep blue altar of Sif Muna.
  1295 | D:2      | Found a white marble altar of Elyvilon.
  1565 | D:3      | Noticed Robin
  1848 | D:3      | Found a basalt altar of Yredelemnul.
  1880 | D:3      | Reached skill level 4 in Shields
  1880 | D:3      | Reached XP level 4. HP: 31/31 MP: 4/4
  1891 | D:3      | Killed Robin
  1992 | D:3      | Noticed Terence
  2003 | D:3      | Killed Terence
  2222 | D:3      | Noticed Jessica
  2228 | D:3      | Noticed inc's ghost (amateur OpFi)
  2244 | D:3      | HP: 1/31 [goblin (3)]
  2590 | D:4      | Reached XP level 5. HP: 30/36 MP: 5/5
  2738 | D:4      | HP: 1/36 [worker ant (5)]
  2739 | D:4      | Succumbed to a worker ant's poison

Skill      XL: |  1  2  3 |
---------------+----------+-----
Maces & Flails | 3 |  3.9
Shields        | 4 |  4.6
Fighting       | |  3.0
Dodging        | |  3.0

Action                   |  1- 3 |  4- 6 || total
-------------------------+-------+-------++-------
Melee: Flail             |    71 |    35 ||   106
       Tentacles         |    16 |    12 ||    28
       Constrict         |    21 |     9 ||    30
       Unarmed           |       |    11 ||    11
  Use: Potion            |       |     1 ||     1
 Stab: Sleeping          |     8 |     2 ||    10
  Eat: Chunk             |     3 |     3 ||     6
Armor: Skin              |     3 |     5 ||     8
Dodge: Dodged            |    24 |    28 ||    52
Block: Shield            |    27 |    15 ||    42
